 Dungeon Crawl Stone Soup version 0.29-a0-817-g9904bce7a6 (webtiles) character file.

Game seed: 11165667953981020697

3371 zeratav the Skirmisher (level 9, -1/41 HPs)
             Began as a Spriggan Hunter on July 5, 2022.
             Was a Follower of Dithmenos.
             Slain by a killer bee (6 damage)
             ... on level 7 of the Dungeon.
             The game lasted 00:11:24 (8092 turns).

zeratav the Skirmisher (Spriggan Hunter)            Turns: 8092, Time: 00:11:25

Health: -1/41      AC:  3    Str:  7    XL:     9   Next: 73%
Magic:  10/10      EV: 18    Int: 10    God:    Dithmenos [*.....]
Gold:   477        SH:  5    Dex: 23    Spells: 8/8 levels left

rFire   . . .      SeeInvis +   E - +2 sling (freeze)
rCold   . . .      Faith    .   (no shield)
rNeg    . . .      Spirit   .   c - +0 robe
rPois   +          Reflect  +   (helmet restricted)
rElec   .          Harm     .   v - +0 cloak
rCorr   .          Rampage  .   (gloves unavailable)
Will    ++...                   (boots unavailable)
Stlth   ++++......              J - amulet of reflection
HPRegen 0.13/turn               B - ring of poison resistance
MPRegen 0.12/turn               L - ring of willpower

@: wreathed by umbra, very quick
A: very small, no large weapons, unfitting armour, see invisible, speed 3
a: Renounce Religion


You were on level 7 of the Dungeon.
You worshipped Dithmenos.
Dithmenos was aware of your devotion.
You visited 2 branches of the dungeon, and saw 8 of its levels.
You also visited: Sewer.

You collected 477 gold pieces.


Innate Abilities, Weirdness & Mutations

You are very small and have problems with some larger weapons.
You are too small for most types of armour.
You have supernaturally acute eyesight. (SInv)
You cover ground extremely quickly. (Speed+++)


   Skills:
 - Level 1.5 Fighting
 + Level 13.9 Ranged Weapons
 - Level 2.6 Dodging
 - Level 5.0 Stealth


You had 8 spell levels left.
You didn't know any spells.
Your spell library contained the following spells:

 Spells                   Type           Power      Damage    Failure   Level
 Freeze                   Ice            0%         1d3       36%         1
 Sandblast                Erth           0%         2d4       36%         1
 Shock                    Conj/Air       0%         1d3       36%         1
 Ensorcelled Hibernation  Hex/Ice        0%         N/A       50%         2
 Passwall                 Tmut/Erth      0%         N/A       50%         2
 Frozen Ramparts          Ice            0%         1d2       75%         3
 Spider Form              Tmut/Pois      0%         N/A       75%         3
 Stone Arrow              Conj/Erth      0%         3d7       75%         3
 Swiftness                Air            0%         N/A       75%         3
 Airstrike                Air            0%         0-1+      98%         4
 Anguish                  Hex/Necr       0%         N/A       98%         4
 Hailstorm                Conj/Ice       0%         3d3       98%         4

Inventory:

Hand Weapons
 a - a +0 shortbow {bow}
 E - a +2 sling of freezing (weapon)
   (You took it off a goblin on level 4 of the Dungeon)
Armour
 c - a +0 robe (worn)
 v - a +0 cloak (worn)
   (You took it off Crazy Yiuf on level 2 of the Dungeon)
 A - an orb of guile
   (You found it on level 3 of the Dungeon)
 F - a +1 robe of cold resistance
   (You took it off Pikel on level 3 of the Dungeon)
Jewellery
 B - a ring of poison resistance (left hand)
   (You found it in a sewer)
 J - an amulet of reflection (around neck)
   (You found it on level 5 of the Dungeon)
 L - a ring of willpower (right hand)
   (You found it on level 6 of the Dungeon)
Wands
 u - a wand of flame (27)
   (You took it off Robin on level 2 of the Dungeon)
 w - a wand of digging (11)
   (You took it off Crazy Yiuf on level 2 of the Dungeon)
 D - a wand of acid (7)
   (You found it on level 3 of the Dungeon)
Scrolls
 b - 3 scrolls of immolation {!r!r}
 e - 3 scrolls of teleportation {unknown}
 h - a scroll of fog {unknown}
 i - a scroll of magic mapping {unknown}
 j - a scroll of vulnerability {unknown}
 n - a scroll of amnesia {unknown}
 o - a scroll of summoning {unknown}
 t - a scroll of acquirement {unknown}
 x - a scroll of torment {unknown}
 y - a scroll of enchant weapon {unknown}
 z - 7 scrolls of identify {unknown}
 C - a scroll of poison {unknown}
 G - a scroll of enchant armour {unknown}
 I - 2 scrolls of blinking {unknown}
 N - a scroll of silence {unknown}
Potions
 d - 11 potions of curing {unknown}
 f - 2 potions of attraction {unknown}
 g - 3 potions of brilliance {unknown}
 k - a potion of haste {unknown}
 l - a potion of mutation {unknown}
 m - a potion of might {unknown}
 p - 3 potions of degeneration {unknown}
 q - 3 potions of resistance {unknown}
 r - a potion of heal wounds {unknown}
 s - a potion of ambrosia {unknown}
 H - a potion of flight {unknown}
 K - a potion of lignification {unknown}
 M - a potion of magic {unknown}

Dungeon Overview and Level Annotations

Branches:
Dungeon (7/15) Zot: 26483  Temple (1/1) D:4 Zot: 5998   Sewer (visited)

Altars:
Ashenzari
Dithmenos
Kikubaaqudgha
Okawaru
Qazlal
Ru
Sif Muna
Trog
Uskayaw
Wu Jian
Xom
Yredelemnul
The Shining One

.## #..###.#..# .# #..#
#.#..# .# .# #..###.#..#
##.# '## #..#...#..# ##...
..## #..#.###..# #... ...##
#..#.# #..# #..# ###
....###..#.###..# #.?#..:##
.....##.........###........
.....)..........@y.........
.....###.....######.###...#
....###.........# #.# #
...###.).≈≈≈....# #.# ..##
#..≈≈≈≈≈...# #.. '##
#..≈≈♣≈≈...# ### .#
#..≈≈≈≈≈...# .#
♣...≈≈≈...♣# .##
♣♣.......♣♣


You could see a killer bee.


Message History

The killer bee completely misses you.
You feel sick. The killer bee misses you.
HP[-1]
You take 1 damage, and now have 14/41 hp.
You are too injured to fight recklessly!
You are too injured to fight recklessly!
You are too injured to fight recklessly!
Fire: E) +2 sling (freeze)
Press: ? - help, Q - select action, (/) - cycle Shift-Dir - straight line, f/p - killer bee
Aim: a killer bee (severely wounded, 47% to hit)
You shoot a sling bullet. The sling bullet hits the killer bee.
The sling bullet freezes the killer bee.
The killer bee closely misses you.
Fire: E) +2 sling (freeze)
Press: ? - help, Q - select action, (/) - cycle Shift-Dir - straight line, f/p - killer bee
Aim: a killer bee (severely wounded, 47% to hit)
You shoot a sling bullet. The sling bullet hits the killer bee.
The sling bullet freezes the killer bee.
You feel sick. You block the killer bee's attack.
HP[-1]
You take 1 damage, and now have 13/41 hp.
Fire: E) +2 sling (freeze)
Press: ? - help, Q - select action, (/) - cycle Shift-Dir - straight line, f/p - killer bee
Aim: a killer bee (severely wounded, 47% to hit)
You shoot a sling bullet.
The sling bullet closely misses the killer bee.
The sling bullet hits the killer bee!
The sling bullet freezes the killer bee.
You kill the killer bee!
Dithmenos accepts your kill.
You feel sick. The killer bee closely misses you.
You block the killer bee's attack.
HP[-1]
You take 1 damage, and now have 12/41 hp.
Fire: E) +2 sling (freeze)
Press: ? - help, Q - select action, (/) - cycle Shift-Dir - straight line, f - killer bee
Aim: a killer bee (severely wounded, umbra, 47% to hit)
You shoot a sling bullet. The sling bullet hits the killer bee!
The sling bullet freezes the killer bee.
You kill the killer bee!
Dithmenos accepts your kill.
Fire: E) +2 sling (freeze)
Press: ? - help, Q - select action, (/) - cycle Shift-Dir - straight line, f - killer bee
Aim: a killer bee (umbra, 47% to hit)
You shoot a sling bullet. The sling bullet hits the killer bee.
The sling bullet freezes the killer bee.
You feel sick.
You are no longer poisoned.
The killer bee misses you. The killer bee closely misses you.
HP[-1]
You take 1 damage, and now have 11/41 hp.
Fire: E) +2 sling (freeze)
Press: ? - help, Q - select action, (/) - cycle Shift-Dir - straight line, f/p - killer bee
Aim: a killer bee (moderately wounded, umbra, 47% to hit)
You shoot a sling bullet.
The sling bullet barely misses the killer bee.
The killer bee misses you.
Fire: E) +2 sling (freeze)
Press: ? - help, Q - select action, (/) - cycle Shift-Dir - straight line, f/p - killer bee
Aim: a killer bee (moderately wounded, umbra, 47% to hit)
You shoot a sling bullet. The sling bullet misses the killer bee.
You block the killer bee's attack.
Fire: E) +2 sling (freeze)
Press: ? - help, Q - select action, (/) - cycle Shift-Dir - straight line, f/p - killer bee
Aim: a killer bee (moderately wounded, umbra, 47% to hit)
You shoot a sling bullet. The sling bullet misses the killer bee.
The killer bee completely misses you. The killer bee stings you!
* * * LOW HITPOINT WARNING * * *
HP[-6]
You take 6 damage, and now have 5/41 hp.
Fire: E) +2 sling (freeze)
Press: ? - help, Q - select action, (/) - cycle Shift-Dir - straight line, f/p - killer bee
Aim: a killer bee (moderately wounded, umbra, 47% to hit)
You shoot a sling bullet.
The sling bullet barely misses the killer bee.
The killer bee closely misses you.
Fire: E) +2 sling (freeze)
Press: ? - help, Q - select action, (/) - cycle Shift-Dir - straight line, f/p - killer bee
Aim: a killer bee (moderately wounded, umbra, 47% to hit)
You shoot a sling bullet.
The sling bullet barely misses the killer bee.
The killer bee misses you. You block the killer bee's attack.
Fire: E) +2 sling (freeze)
Press: ? - help, Q - select action, (/) - cycle Shift-Dir - straight line, f/p - killer bee
Aim: a killer bee (moderately wounded, umbra, 47% to hit)
You shoot a sling bullet.
The sling bullet barely misses the killer bee.
You block the killer bee's attack.
Fire: E) +2 sling (freeze)
Press: ? - help, Q - select action, (/) - cycle Shift-Dir - straight line, f/p - killer bee
Aim: a killer bee (moderately wounded, umbra, 47% to hit)
You shoot a sling bullet. The sling bullet hits the killer bee.
The sling bullet freezes the killer bee.
The killer bee closely misses you.
Fire: E) +2 sling (freeze)
Press: ? - help, Q - select action, (/) - cycle Shift-Dir - straight line, f/p - killer bee
Aim: a killer bee (heavily wounded, umbra, 47% to hit)
You shoot a sling bullet.
The sling bullet hits the killer bee but does no damage.
The killer bee stings you.
You die...

Skill      XL: |  1  2  3  4  5  6  7  8  9 |
---------------+----------------------------+-----
Ranged Weapons | 5 6 7 8 10 12 13 | 13.9
Stealth        | 4 5 |  5.0
Fighting       | |  1.5
Dodging        | |  2.6

Action                   |  1- 3 |  4- 6 |  7- 9 || total
-------------------------+-------+-------+-------++-------
Melee: Unarmed           |       |       |     3 ||     3
 Fire: Shortbow          |    98 |   147 |    13 ||   258
       Sling             |       |       |   402 ||   402
Evoke: Wand              |       |       |     2 ||     2
Armor: Robe              |     2 |     4 |    15 ||    21
Dodge: Dodged            |    26 |    26 |   112 ||   164
Block: Other             |       |       |    18 ||    18

Levels and vault maps discovered:
D:1:      onia_arrival_pentagram, layout_basic,
          shapermc_ecumenical_altar_totnotflames
D:2:      layout_loops_ring, basic_altar, grunt_decor_fettered, uniq_natasha,
          uniq_crazy_yiuf_cottage, uniq_robin
D:3:      layout_basic, lemuel_tele_altar, yredelemnul_forgotten_temple_becter,
          cheibrodos_sewer_entry_bend, serial_bayou, serial_bayou_pond_d,
          serial_bayou_shore_b, serial_bayou_lake_a, serial_bayou_pond_a,
          uniq_terence
D:4:      layout_basic, pdpol_wu_jian_five_deadly_venoms, kennysheep_mini,
          minmay_temple_entry_statues_pillars, uniq_pikel, uniq_eustachio,
          uniq_edmund
D:5:      layout_rooms, mainiacjoe_overflow_chevrons, kennysheep_mini_moat,
          kennysheep_big_empty_room, amcnicky_mini_corridor_feature
D:6:      layout_basic
D:7:      layout_loops_corners, grunt_temple_overflow_gold_and_silver,
          nicolae_uskayaw_dance_hall, mainiacjoe_overflow_alcove_1,
          elyvilon_altar_3
Temple:   hellmonk_temple_micro_hex

Notes
Turn   | Place    | Note
-------+----------+-------------------------------------------
     0 | D:1      | zeratav the Spriggan Hunter began the quest for the Orb.
     0 | D:1      | Reached XP level 1. HP: 10/10 MP: 2/2
     0 | D:1      | magus.rc [v1.9.6]
    60 | D:1      | Reached XP level 2. HP: 14/14 MP: 3/3
   485 | D:1      | Reached skill level 5 in Ranged Weapons
   503 | D:1      | Reached XP level 3. HP: 11/18 MP: 4/4
   722 | D:1      | Found a faded altar of an unknown god.
   951 | D:2      | Found an iron altar of Okawaru.
   954 | D:2      | You pick up a book of Air and begin reading...
   954 | D:2      | You add the spells Shock, Swiftness and Airstrike to your
                  | library.
  1139 | D:2      | Noticed Natasha
  1142 | D:2      | Killed Natasha
  1143 | D:2      | Reached XP level 4. HP: 22/22 MP: 5/5
  1162 | D:2      | Noticed Natasha
  1166 | D:2      | Killed Natasha
  1167 | D:2      | Reached skill level 6 in Ranged Weapons
  1269 | D:2      | Noticed Natasha
  1272 | D:2      | Killed Natasha
  1273 | D:2      | Reached XP level 5. HP: 25/25 MP: 6/6
  1687 | D:2      | Noticed Robin
  1729 | D:2      | Killed Robin
  2000 | D:2      | Found a runed translucent door.
  2001 | D:2      | Noticed Crazy Yiuf
  2020 | D:2      | Killed Crazy Yiuf
  2096 | D:3      | Reached skill level 7 in Ranged Weapons
  2135 | D:3      | Noticed Terence
  2154 | D:3      | Killed Terence
  2468 | D:3      | You pick up a book of Frost and begin reading...
  2468 | D:3      | You add the spells Freeze, Frozen Ramparts and Hailstorm to
                  | your library.
  2477 | D:3      | Found a sacrificial altar of Ru.
  2540 | D:3      | Reached XP level 6. HP: 19/30 MP: 7/7
  2679 | D:3      | Noticed a water moccasin
  2777 | D:3      | Found a basalt altar of Yredelemnul.
  2826 | D:3      | Killed a water moccasin
  2909 | D:3      | Found a glowing drain.
  2936 | Sewer    | Entered a sewer
  3100 | Sewer    | Noticed a water moccasin
  3109 | Sewer    | Killed a water moccasin
  3110 | Sewer    | Reached skill level 8 in Ranged Weapons
  3755 | D:4      | Reached XP level 7. HP: 33/33 MP: 8/8
  3917 | D:4      | Noticed Pikel
  3942 | D:4      | Reached skill level 9 in Ranged Weapons
  3994 | D:4      | HP: 4/33 [Pikel/+0 whip of electrocution (8)]
  4032 | D:3      | Killed Pikel
  4033 | D:3      | Reached skill level 10 in Ranged Weapons
  4033 | D:3      | Reached skill level 4 in Stealth
  4033 | D:3      | Reached XP level 8. HP: 8/37 MP: 9/9
  4330 | D:4      | Found an ornate altar of the Wu Jian Council.
  4370 | D:4      | You pick up a book of Burglary and begin reading...
  4370 | D:4      | You add the spells Passwall and Ensorcelled Hibernation to
                  | your library.
  4403 | D:4      | Found a staircase to the Ecumenical Temple.
  4413 | Temple   | Entered the Ecumenical Temple
  4420 | D:4      | Reached skill level 5 in Stealth
  4436 | D:4      | Noticed Edmund
  4452 | D:4      | Killed Edmund
  4531 | D:4      | Found a shadowy altar of Dithmenos.
  4541 | D:4      | Became a worshipper of Dithmenos the Shadowed
  4590 | D:4      | You pick up a book of Geomancy and begin reading...
  4590 | D:4      | You add the spells Sandblast and Stone Arrow to your
                  | library.
  4686 | D:4      | Noticed Eustachio
  4720 | D:4      | Killed Eustachio
  5040 | D:5      | Entered Level 5 of the Dungeon
  5133 | D:4      | Reached skill level 11 in Ranged Weapons
  5145 | D:5      | Found a stormy altar of Qazlal.
  5343 | D:5      | HP: 7/37 [orc priest/divine providence (14)]
  5672 | D:5      | HP: 9/37 [orc priest/nerve-wracking pain (7)]
  5676 | D:5      | Reached skill level 12 in Ranged Weapons
  5676 | D:5      | Reached XP level 9. HP: 10/41 MP: 10/10
  6120 | D:5      | Found a broken altar of Ashenzari.
  6319 | D:6      | Reached * piety under Dithmenos
  6348 | D:6      | HP: 8/41 [orc wizard/magic dart (11)]
  6355 | D:6      | HP: 8/41 [bullfrog (1)]
  6886 | D:6      | Reached skill level 13 in Ranged Weapons
  7461 | D:7      | Found a hide-covered altar of Uskayaw.
  7463 | D:7      | You pick up a book of Dreams and begin reading...
  7463 | D:7      | You add the spells Spider Form and Anguish to your library.
  7729 | D:7      | HP: 10/41 [orc priest/divine providence (16)]
  8087 | D:7      | HP: 5/41 [killer bee (7)]
  8092 | D:7      | Slain by a killer bee

Vanquished Creatures
  Pikel (D:3)
  A wyvern (D:6)
  Eustachio (D:4)
  A steam dragon (D:6)
  Edmund (D:4)
  An ice beast (D:5)
  An orc warrior (D:5)
  4 water moccasins
  A sky beast (D:7)
  An ogre (D:5)
  2 phantoms
  3 lemures (D:4)
  2 bullfrogs
  A necrophage (D:6)
  5 scorpions
  4 killer bees (D:7)
  A howler monkey (D:7)
  2 jellies
  Crazy Yiuf (D:2)
  4 orc priests
  2 hounds
  Terence (D:3)
  Natasha (thrice) (D:2)
  3 iguanas
  5 orc wizards
  Robin (D:2)
  8 adders
  3 white imps (D:6)
  4 worms
  2 dart slugs (D:1)
  19 orcs
  7 endoplasms
  3 giant cockroaches
  20 goblins
  6 hobgoblins
  5 jackals
  8 kobolds
  5 quokkas
  3 ball pythons
  3 bats (D:3)
  5 frilled lizards
  5 rats
  A spectral orc (D:3)
160 creatures vanquished.

Vanquished Creatures (others)
  A fungus (D:2)
  7 plants (D:3)
8 creatures vanquished.

Grand Total: 168 creatures vanquished

Table legend:
 A = Non-vault XP
 B = Vault XP
 C = Vault XP percentage of total XP
 D = Non-vault monster count
 E = Vault monster count
 F = Vault count percentage of total count
                 A         B        C        D         E       F
            +---------+---------+-------+---------+---------+-------
      Total |    3534 |    1282 |  26.6 |     135 |      22 |  14.0
            +---------+---------+-------+---------+---------+-------
        D:1 |      45 |       0 |   0.0 |      23 |       0 |   0.0
        D:2 |     150 |     109 |  42.1 |      22 |      11 |  33.3
        D:3 |     206 |     642 |  75.7 |      19 |       5 |  20.8
        D:4 |     475 |     382 |  44.6 |      17 |       3 |  15.0
        D:5 |     750 |       0 |   0.0 |      17 |       0 |   0.0
        D:6 |    1286 |       0 |   0.0 |      26 |       0 |   0.0
        D:7 |     622 |       0 |   0.0 |      11 |       0 |   0.0
      Sewer |       0 |     149 | 100.0 |       0 |       3 | 100.0
            +---------+---------+-------+---------+---------+-------

Illustrated notes

Table legend:
 A = Kills in this place as a percentage of kills in entire the game.
 B = Kills by you in this place as a percentage of kills by you in the entire game.
 C = Kills by friends in this place as a percentage of kills by friends in the entire game.
 D = Other kills in this place as a percentage of other kills in the entire game.
 E = Experience gained in this place as a percentage of experience gained in the entire game.
 F = Experience gained in this place divided by the number of levels of this place that you have seen.
                   A       B       C       D       E      F
               +-------+-------+-------+-------+-------+----------------------
         Total | 100.0 | 100.0 |   N/A |   N/A | 100.0 | 535.1
       Dungeon |  98.1 |  98.1 |   N/A |   N/A |  96.9 | 666.7
         Sewer |   1.9 |   1.9 |   N/A |   N/A |   3.1 | 149.0
               +-------+-------+-------+-------+-------+----------------------

Table legend: (Time is in decaauts)
 A = Elapsed time spent in this place.
 B = Non-inter-level travel time spent in this place.
 C = Inter-level travel time spent in this place.
 D = Time resting spent in this place.
 E = Time spent auto-exploring this place.
 F = Levels seen in this place.
 G = Mean time per level.
                   A        B        C        D        E       F      G
               +--------+--------+--------+--------+--------+-----+--------+
         Total |   6283 |   5915 |    368 |   1348 |   3474 |   9 |  698.1 |
       Dungeon |   6089 |   5721 |    368 |   1348 |   3317 |   7 |  869.9 |
        Temple |      1 |      1 |      0 |      0 |      0 |   1 |    1.0 |
         Sewer |    193 |    193 |      0 |      0 |    157 |   1 |  193.0 |
               +--------+--------+--------+--------+--------+-----+--------+

Top non-repeatable levels by time:
     D:3: 1190 daAuts
     D:4: 1132 daAuts
     D:5: 884 daAuts
     D:2: 826 daAuts
     D:1: 770 daAuts
     D:6: 768 daAuts
     D:7: 516 daAuts
   Sewer: 193 daAuts
  Temple: 1 daAuts
